 Dungeon Crawl Stone Soup version 0.27.1-1-g398f81649c (webtiles) character file.

Game seed: 1143139859662312791

6493 MisterFreud the Blocker (level 11, -5/79 (89) HPs)
             Began as a Gnoll Fighter on Sept 10, 2021.
             Was a High Priest of Sif Muna.
             Killed by an exploding themself (25 damage)
             ... ignited by their inner flame
             ... on level 9 of the Dungeon.
             The game lasted 00:14:49 (9058 turns).

MisterFreud the Blocker (Gnoll Fighter)             Turns: 9058, Time: 00:14:50

HP:   -5/79 (89)    AC:  8    Str: 15    XL:     11   Next: 0%
MP:   21/21         EV: 13    Int: 12    God:    Sif Muna [*****.]
Gold: 337           SH: 11    Dex: 11    Spells: 17/23 levels left

rFire    . . .     SeeInvis .   D - +0 dagger (elec)
rCold    . . .     Faith    .   c - +0 kite shield
rNeg     . . .     Spirit   .   G - +2 robe {Archmagi}
rPois    +         Reflect  .   (no helmet)
rElec    .         Harm     .   (no cloak)
rCorr    +         Rampage  .   (no gloves)
Will     .....     Archmagi +   q - +2 pair of boots
Stlth    +++.......             (no amulet)
HPRegen  0.23/turn              r - ring of poison resistance
MPRegen  0.17/turn              C - ring of resist corrosion

@: spiked, heavily drained
A: fangs 1, strong nose, distributed training
a: Renounce Religion, Channel Magic, Forget Spell, Divine Exegesis


You were on level 9 of the Dungeon.
You worshipped Sif Muna.
Sif Muna was extremely pleased with you.
You visited 1 branch of the dungeon, and saw 9 of its levels.

You collected 517 gold pieces.
You spent 180 gold pieces at shops.

Inventory:

Hand Weapons
 a - a +0 rapier
 v - a +1 short sword of protection
 D - a +0 dagger of electrocution (weapon)
Missiles
 e - 38 poisoned darts (quivered)
 n - 14 boomerangs
 t - 4 silver javelins
 F - 2 throwing nets
Armour
 b - a +0 scale mail
 c - a +0 kite shield (worn)
 q - a +2 pair of boots (worn)
 w - a +3 leather armour
 G - a +2 robe of the Archmagi (worn)
Jewellery
 j - a ring of fire
 m - a ring of magical power
 r - a ring of poison resistance (left hand)
 C - a ring of resist corrosion (right hand)
Wands
 g - a wand of polymorph (14)
 I - a wand of iceblast (9)
Scrolls
 f - a scroll of fog {unknown}
 k - 2 scrolls of blinking
 l - 2 scrolls of summoning {unknown}
 p - 5 scrolls of amnesia {unknown}
 u - 2 scrolls of magic mapping
 y - 4 scrolls of teleportation {unknown}
 z - 2 scrolls of noise {unknown}
 B - a scroll of fear
 J - a scroll of vulnerability {unknown}
 K - a scroll of immolation {unknown}
Potions
 d - 2 potions of might
 h - 2 potions of degeneration
 i - a potion of brilliance
 o - 3 potions of flight
 s - 2 potions of haste
 x - a potion of heal wounds
 A - 2 potions of attraction
 E - a potion of ambrosia
 H - 4 potions of curing


   Skills:
 + Level 9.5 Fighting
 + Level 8.3 Short Blades
 + Level 6.8 Long Blades
 + Level 6.8 Axes
 + Level 6.8 Maces & Flails
 + Level 6.8 Polearms
 + Level 6.8 Staves
 + Level 6.8 Slings
 + Level 6.8 Bows
 + Level 6.8 Crossbows
 + Level 6.8 Throwing
 + Level 9.5 Armour
 + Level 6.8 Dodging
 + Level 6.8 Stealth
 + Level 9.5 Shields
 + Level 6.8 Unarmed Combat
 + Level 6.8 Spellcasting
 + Level 5.6 Conjurations
 + Level 5.6 Hexes
 + Level 5.6 Summonings
 + Level 5.6 Necromancy
 + Level 5.6 Translocations
 + Level 5.6 Transmutations
 + Level 5.6 Fire Magic
 + Level 5.6 Ice Magic
 + Level 5.6 Air Magic
 + Level 5.6 Earth Magic
 + Level 5.6 Poison Magic
 + Level 7.5 Invocations
 + Level 6.8 Evocations


You had 17 spell levels left.
You knew the following spells:

 Your Spells              Type           Power      Damage    Failure   Level
a - Mephitic Cloud        Conj/Pois/Air  26%        N/A       10%         3
b - Summon Guardian Gole  Hex/Summ       26%        N/A       10%         3

Your spell library contained the following spells:

 Spells                   Type           Power      Damage    Failure   Level
 Summon Small Mammal      Summ           100%       N/A       3%          1
 Slow                     Hex            26%        N/A       4%          2
 Call Canine Familiar     Summ           26%        N/A       10%         3
 Conjure Flame            Conj/Fire      26%        6-21      10%         3
 Dazzling Flash           Conj/Hex       52%        N/A       10%         3
 Ignite Poison            Fire/Tmut/Pois 26%        N/A       10%         3
 Agony                    Necr           26%        N/A       65%         5
 Bolt of Magma            Conj/Fire/Erth 13%        4d8       65%         5
 Fireball                 Conj/Fire      13%        3d7       65%         5
 Silence                  Hex/Air        13%        N/A       65%         5
 Summon Mana Viper        Hex/Summ       26%        N/A       65%         5


Dungeon Overview and Level Annotations

Branches:
Dungeon (9/15)             Temple (0/1) D:7
   Lair: D:8-11         Orc: D:9-12

Altars:
Ashenzari
Fedhas
Okawaru
Qazlal
Sif Muna
Wu Jian

Shops:
D:3 =   D:5 ?   D:7 (   D:8 [


Innate Abilities, Weirdness & Mutations

You have very sharp teeth.
Your uncanny sense of smell can sniff out nearby items.
Your experience applies equally to all skills.


Message History

The barbs in your skin will harm you if you move.
Continue?
The barbed spikes dig painfully into your body as you move.
* * * LOW HITPOINT WARNING * * *
The manticore flicks its tail.
The volley of spikes hits your guardian golem!
Okay, then.
Unknown command.
Throw: 7 javelins (silver)
Press: ? - help, Shift-Dir - straight line, f - manticore
Aim: a manticore (lightly wounded, ally target, 74% to hit)
You throw a silver javelin.
The silver javelin closely misses the manticore.
The manticore bites your guardian golem.
The manticore claws your guardian golem. x2
Unknown command.
Throw: 6 javelins (silver)
Press: ? - help, Shift-Dir - straight line, f/p - manticore
Aim: a manticore (lightly wounded, ally target, 74% to hit)
You throw a silver javelin.
The silver javelin pierces through the manticore!
The manticore is moderately wounded.
The manticore flicks its tail.
The volley of spikes hits your guardian golem but does no damage.
The manticore flicks its tail.
The volley of spikes hits your guardian golem!
Unknown command.
Throw: 5 javelins (silver)
Press: ? - help, Shift-Dir - straight line, f/p - manticore
Aim: a manticore (moderately wounded, ally target, 74% to hit)
You throw a silver javelin.
The silver javelin closely misses the manticore.
Your guardian golem overheats!
The manticore bites your guardian golem.
Flame seeps out of your guardian golem.
The manticore claws your guardian golem.
Flame seeps out of your guardian golem.
The manticore claws your guardian golem!
Your guardian golem explodes!
The fiery explosion engulfs you!!
You die...

####### #........#
......# #........#
......#####........#
......##...........#
......#..##........#
..<...#.###.......>#
........# #........#
......### #........#
###.### ######@###
#.. #.○§# ##+#
#.§#H.# #.).##....$
?###.###.(...#
#H##.##.###..#
##.#.#.###...#
####.####....#
....⌠........#


You could see 2 manticores.

Vanquished Creatures
  Psyche (D:7)
  A queen bee (shapeshifter) (D:9)
  Sigmund (D:2)
  A water moccasin (D:4)
  2 black bears (D:6)
  2 orc warriors
  A sky beast (D:7)
  An ogre (D:5)
  4 centaurs
  A kobold brigand (D:8)
  4 phantoms
  3 bullfrogs
  A gnoll sergeant (D:7)
  A water moccasin zombie (D:5)
  A wyvern skeleton (D:7)
  A water moccasin skeleton (D:5)
  8 wights (D:8)
  3 killer bees (D:8)
  A howler monkey (D:5)
  3 hounds
  A gnoll shaman (D:8)
  A centaur zombie (D:7)
  A centaur skeleton (D:7)
  3 orc priests
  A jelly (D:6)
  4 iguanas
  7 orc wizards
  Natasha (thrice) (D:3)
  A killer bee zombie (D:7)
  2 hound skeletons (D:4)
  A howler monkey zombie (D:6)
  6 adders
  13 gnolls
  A howler monkey skeleton (D:7)
  A white imp (D:7)
  An ufetubus (D:6)
  3 worms
  2 dart slugs
  36 orcs
  4 ball pythons
  10 endoplasms
  5 giant cockroaches
  2 goblins
  13 hobgoblins
  A jackal (D:1)
  3 quokkas
  4 bats
  5 frilled lizards
  15 kobolds
  A quokka skeleton (D:4)
  4 rats
196 creatures vanquished.

Vanquished Creatures (others)
  2 killer bees (D:8)
  2 orc wizards
  An orc (D:8)
  A plant (D:7)
6 creatures vanquished.

Grand Total: 202 creatures vanquished

Notes
Turn   | Place    | Note
-------+----------+-------------------------------------------
     0 | D:1      | MisterFreud the Gnoll Fighter began the quest for the Orb.
     0 | D:1      | Reached XP level 1. HP: 23/23 MP: 1/1
   174 | D:1      | Reached XP level 2. HP: 28/29 MP: 2/2
   298 | D:1      | Found a faded altar of an unknown god.
   336 | D:1      | Became a worshipper of Sif Muna the Loreminder
   336 | D:1      | Reached * piety under Sif Muna
   553 | D:1      | Reached XP level 3. HP: 35/35 MP: 3/3
   755 | D:2      | Noticed Sigmund
   764 | D:2      | Killed Sigmund
   765 | D:2      | Reached skill level 1 in Long Blades
   765 | D:2      | Reached skill level 1 in Axes
   765 | D:2      | Reached skill level 1 in Maces & Flails
   765 | D:2      | Reached skill level 1 in Polearms
   765 | D:2      | Reached skill level 1 in Staves
   765 | D:2      | Reached skill level 1 in Slings
   765 | D:2      | Reached skill level 1 in Bows
   765 | D:2      | Reached skill level 1 in Crossbows
   765 | D:2      | Reached skill level 1 in Throwing
   765 | D:2      | Reached skill level 1 in Dodging
   765 | D:2      | Reached skill level 1 in Stealth
   765 | D:2      | Reached skill level 1 in Unarmed Combat
   765 | D:2      | Reached skill level 1 in Spellcasting
   765 | D:2      | Reached skill level 1 in Conjurations
   765 | D:2      | Reached skill level 1 in Hexes
   765 | D:2      | Reached skill level 1 in Summonings
   765 | D:2      | Reached skill level 1 in Necromancy
   765 | D:2      | Reached skill level 1 in Translocations
   765 | D:2      | Reached skill level 1 in Transmutations
   765 | D:2      | Reached skill level 1 in Fire Magic
   765 | D:2      | Reached skill level 1 in Ice Magic
   765 | D:2      | Reached skill level 1 in Air Magic
   765 | D:2      | Reached skill level 1 in Earth Magic
   765 | D:2      | Reached skill level 1 in Poison Magic
   765 | D:2      | Reached skill level 1 in Invocations
   765 | D:2      | Reached skill level 1 in Evocations
   765 | D:2      | Reached XP level 4. HP: 41/41 MP: 3/6
   765 | D:2      | Reached XP level 5. HP: 47/47 MP: 3/7
  1184 | D:2      | Reached ** piety under Sif Muna
  1549 | D:3      | Noticed Natasha
  1549 | D:3      | You fall into a shaft and drop 1 floor!
  1583 | D:4      | Reached XP level 6. HP: 52/53 MP: 8/8
  1604 | D:4      | Found an iron altar of Okawaru.
  1613 | D:3      | Killed Natasha
  2001 | D:3      | Reached skill level 5 in Short Blades
  2128 | D:3      | Found a broken altar of Ashenzari.
  2130 | D:3      | Noticed Natasha
  2132 | D:3      | Saw a vision of the Shoals and the Snake Pit.
  2132 | D:3      | Noticed a sea snake
  2132 | D:3      | Noticed a merfolk siren
  2132 | D:3      | Noticed a wind drake
  2132 | D:3      | Noticed a merfolk
  2132 | D:3      | Noticed a wind drake
  2132 | D:3      | Noticed an anaconda
  2132 | D:3      | Noticed a naga mage
  2132 | D:3      | Noticed a salamander
  2132 | D:3      | Noticed a shock serpent
  2132 | D:3      | Noticed a black mamba
  2132 | D:3      | Noticed a black mamba
  2132 | D:3      | Noticed a naga
  2132 | D:3      | Noticed a black mamba
  2133 | D:3      | Noticed a wind drake
  2133 | D:3      | Noticed a naga
  2133 | D:3      | Noticed a black mamba
  2140 | D:3      | Killed Natasha
  2221 | D:3      | Found Loesouh's Jewellery Boutique.
  2222 | D:3      | Noticed Natasha
  2232 | D:3      | Killed Natasha
  2594 | D:4      | Reached *** piety under Sif Muna
  3017 | D:4      | Reached XP level 7. HP: 55/59 MP: 10/10
  3092 | D:4      | Found a shimmering blue altar of Sif Muna.
  3318 | D:4      | Found an ornate altar of the Wu Jian Council.
  3621 | D:5      | Entered Level 5 of the Dungeon
  3804 | D:5      | Found Ysmoxeirph's Magic Scroll Boutique.
  3820 | D:5      | Reached XP level 8. HP: 65/67 MP: 12/12
  3829 | D:5      | Bought a scroll of blinking for 82 gold pieces
  3829 | D:5      | Bought a scroll of fear for 38 gold pieces
  3829 | D:5      | Bought a scroll of identify for 22 gold pieces
  3829 | D:5      | Bought a scroll of magic mapping for 38 gold pieces
  3831 | D:5      | Reached skill level 5 in Long Blades
  3831 | D:5      | Reached skill level 5 in Axes
  3831 | D:5      | Reached skill level 5 in Maces & Flails
  3831 | D:5      | Reached skill level 5 in Polearms
  3831 | D:5      | Reached skill level 5 in Staves
  3831 | D:5      | Reached skill level 5 in Slings
  3831 | D:5      | Reached skill level 5 in Bows
  3831 | D:5      | Reached skill level 5 in Crossbows
  3831 | D:5      | Reached skill level 5 in Throwing
  3831 | D:5      | Reached skill level 5 in Dodging
  3831 | D:5      | Reached skill level 5 in Stealth
  3831 | D:5      | Reached skill level 5 in Unarmed Combat
  3831 | D:5      | Reached skill level 5 in Spellcasting
  3831 | D:5      | Reached skill level 5 in Invocations
  3831 | D:5      | Reached skill level 5 in Evocations
  3831 | D:5      | Reached XP level 9. HP: 75/75 MP: 12/17
  3832 | D:5      | Reached skill level 5 in Conjurations
  3832 | D:5      | Reached skill level 5 in Hexes
  3832 | D:5      | Reached skill level 5 in Summonings
  3832 | D:5      | Reached skill level 5 in Necromancy
  3832 | D:5      | Reached skill level 5 in Translocations
  3832 | D:5      | Reached skill level 5 in Transmutations
  3832 | D:5      | Reached skill level 5 in Fire Magic
  3832 | D:5      | Reached skill level 5 in Ice Magic
  3832 | D:5      | Reached skill level 5 in Air Magic
  3832 | D:5      | Reached skill level 5 in Earth Magic
  3832 | D:5      | Reached skill level 5 in Poison Magic
  3832 | D:5      | Reached XP level 10. HP: 83/83 MP: 12/19
  5125 | D:6      | Found a blossoming altar of Fedhas.
  5932 | D:7      | Reached **** piety under Sif Muna
  6381 | D:7      | Found Kugez's Hydra Hut.
  6383 | D:7      | Noticed an eight-headed hydra
  6416 | D:7      | Found a staircase to the Ecumenical Temple.
  6551 | D:7      | Learned a level 3 spell: Mephitic Cloud
  6555 | D:7      | Learned a level 3 spell: Summon Guardian Golem
  6903 | D:8      | Noticed Psyche
  6997 | D:7      | Killed Psyche
  7483 | D:8      | Reached ***** piety under Sif Muna
  7551 | D:8      | Received a gift from Sif Muna
  7554 | D:8      | Got Sif Muna's Almanac of Enthralling Arcane Weapons {god
                  | gift}
  7737 | D:8      | Found Bojeer's Armour Boutique.
  8739 | D:8      | Found a stormy altar of Qazlal.
  9023 | D:9      | Reached XP level 11. HP: 77/79 MP: 21/21
  9037 | D:9      | Noticed a manticore
  9037 | D:9      | Noticed a manticore
  9058 | D:9      | Killed by an exploding themself... ignited by their inner
                  | flame

Illustrated notes

Levels and vault maps discovered:
D:1:      onia_arrival_pentagram, layout_loops_ring,
          shapermc_ecumenical_altar_venn, minmay_tetromino_l4
D:2:      layout_loops_cross, serial_glass, glass_columns_b, glass_columns_a,
          glass_columns_a, glass_columns_a, glass_columns_b, glass_columns_b,
          st_stairs_14, uniq_sigmund
D:3:      layout_loops_ring, grunt_ashenzari_visionary
          [grunt_ashenzari_visionary_shoals, grunt_ashenzari_visionary_snake],
          serial_shops, nicolae_diamond_shop, uniq_natasha
D:4:      layout_loops_ring, nicolae_wu_jian_immortal_techniques,
          mainiacjoe_overflow_large_starburst, chequers_mini_garden
D:5:      layout_cave_pools, serial_shops, nicolae_shop_trees,
          kennysheep_small_circle
D:6:      layout_basic, amcnicky_altar_gilded
D:7:      layout_loops_corners, minmay_temple_entry_purple_smoke,
          doesnt_shop_hydraphobe
D:8:      layout_loops_ring, nicolae_qazlal_eye_of_the_storm, serial_shops,
          shop, uniq_psyche
D:9:      layout_roguey, dpeg_oklobed_lair, david_orc_3, kb_rosetta

Skill      XL: |  1  2  3  4  5  6  7  8  9 10 |
---------------+-------------------------------+-----
Long Blades    | 1 2 5 6 |  6.8
Axes           | 1 2 5 6 |  6.8
Maces & Flails | 1 2 5 6 |  6.8
Polearms       | 1 2 5 6 |  6.8
Staves         | 1 2 5 6 |  6.8
Slings         | 1 2 5 6 |  6.8
Bows           | 1 2 5 6 |  6.8
Crossbows      | 1 2 5 6 |  6.8
Throwing       | 1 2 5 6 |  6.8
Dodging        | 1 2 5 6 |  6.8
Stealth        | 1 2 5 6 |  6.8
Unarmed Combat | 1 2 5 6 |  6.8
Spellcasting   | 1 2 5 6 |  6.8
Conjurations   | 1 2 4 5 |  5.6
Hexes          | 1 2 4 5 |  5.6
Summonings     | 1 2 4 5 |  5.6
Necromancy     | 1 2 4 5 |  5.6
Translocations | 1 2 4 5 |  5.6
Transmutations | 1 2 4 5 |  5.6
Fire Magic     | 1 2 4 5 |  5.6
Ice Magic      | 1 2 4 5 |  5.6
Air Magic      | 1 2 4 5 |  5.6
Earth Magic    | 1 2 4 5 |  5.6
Poison Magic   | 1 2 4 5 |  5.6
Invocations    | 1 2 3 5 7 |  7.5
Evocations     | 1 2 5 6 |  6.8
Short Blades   | 5 7 8 |  8.3
Fighting       | 7 8 9 |  9.5
Armour         | 7 8 9 |  9.5
Shields        | 7 8 9 |  9.5

Action                   |  1- 3 |  4- 6 |  7- 9 | 10-12 || total
-------------------------+-------+-------+-------+-------++-------
Melee: Rapier            |    76 |   185 |       |       ||   261
       Bite              |     6 |    21 |    14 |    58 ||    99
       Short sword       |       |    34 |   187 |   173 ||   394
       Dagger            |       |       |       |   409 ||   409
       Unarmed           |       |       |       |     1 ||     1
Throw: Dart              |     1 |       |       |    12 ||    13
       Javelin           |       |       |       |     4 ||     4
 Cast: Summon Guardian G |       |       |       |     7 ||     7
       Mephitic Cloud    |       |       |       |     2 ||     2
Evoke: Wand              |       |       |       |     1 ||     1
  Use: Scroll            |       |       |     2 |     7 ||     9
       Potion            |       |       |     2 |     2 ||     4
 Stab: Sleeping          |       |       |       |     9 ||     9
       Confused          |       |       |       |     1 ||     1
       Invisible         |       |       |       |     1 ||     1
Armor: Scale mail        |    15 |    66 |    60 |    16 ||   157
       Leather armour    |       |       |       |    87 ||    87
       Robe              |       |       |       |    23 ||    23
Dodge: Dodged            |    13 |    61 |    36 |   182 ||   292
Block: Kite shield       |    31 |    91 |    64 |   245 ||   431
